 Dungeon Crawl Stone Soup version 0.30.0-29-ga12c61a403 (webtiles) character file.

Game seed: 16870682339275275895

11694 qw the Cleaver (level 11, -1/71 HPs)
             Began as a Gargoyle Fighter on June 5, 2023.
             Was an Elder of Okawaru.
             Slain by a gargoyle
             ... wielding a +0 morningstar
              (3 damage)
             ... while paralysed by a floating eye
             ... on level 10 of the Dungeon.
             The game lasted 00:05:52 (10449 turns).

qw the Cleaver (Gargoyle Fighter)                  Turns: 10449, Time: 00:05:52

Health: -1/71      AC: 28    Str: 24    XL:     11   Next: 81%
Magic:  13/15      EV:  2    Int: 12    God:    Okawaru [****..]
Gold:   313        SH:  0    Dex:  9    Spells: 10/10 levels left

rFire   + . .        v - +2 hand axe (vamp)
rCold   + . .        b - +2 buckler
rNeg    + . .        t - +2 chain mail {rC+}
rPois   inf          (no helmet)
rElec   +            a - scarf {repulsion}
rCorr   +            s - +0 pair of gloves
SInv    .            u - +3 pair of seven-league boots {Rampage+∞}
Will    .....        l - amulet of Sadoelea {Reflect Int+3 SH+5} Stlth
                     c - ring of resist corrosion
HPRegen 0.31/turn    r - ring of protection from fire
MPRegen 0.14/turn

%: repel missiles, reflection, rampage+inf
@: paralysed, heroic
A: sickness immunity, AC +8, negative energy resistance 1, electricity
resistance, torment resistance 1, petrification resistance
a: Renounce Religion, Heroism, Finesse


You were on level 10 of the Dungeon.
You worshipped Okawaru.
Okawaru was greatly pleased with you.
You visited 1 branch of the dungeon, and saw 10 of its levels.
You also visited: Ossuary.

You collected 598 gold pieces.
You spent 285 gold pieces at shops.


Innate Abilities, Weirdness & Mutations

You are immune to sickness and miasma.
Your stone body is resilient. (AC +8)
You are immune to poison.
You resist negative energy. (rN+)
You are resistant to electric shocks. (rElec)
You are resistant to unholy torment.
You are immune to petrification.


   Skills:
 + Level 9.2(14.2) Fighting
 - Level 12.0(17.0) Axes
 - Level 3.0(8.0) Throwing
 - Level 7.0(12.0) Armour
 - Level 2.4(7.4) Dodging
 - Level 6.4(11.4) Shields
 + Level 6.2 Invocations


You had 10 spell levels left.
You didn't know any spells.
Your spell library was empty.

Inventory:

Hand Weapons
 k - a +0 flail
 v - a +2 vampiric hand axe (weapon)
 Y - a +0 war axe
Missiles
 w - a javelin (quivered)
Armour
 a - a scarf of repulsion (worn)
 b - a +2 buckler (worn)
 j - a +0 plate armour
 m - a +0 cloak
 s - a +0 pair of gloves (worn)
 t - a +2 chain mail of cold resistance (worn)
 u - the +3 pair of seven-league boots (worn) {Rampage+∞}
   (You found it on level 8 of the Dungeon)

   Rampage+∞: When moving toward enemies, its wearer moves as far as possible,
   alerting their target en route.
Jewellery
 c - a ring of resist corrosion (left hand)
 l - the amulet of Sadoelea (around neck) {Reflect Int+3 SH+5}
   (You found it on level 3 of the Dungeon)

   [amulet of reflection]

   It reflects blocked missile attacks.
   Int:       It affects your intelligence (+3).
   SH:        It affects your SH (+5).
 r - a ring of protection from fire (right hand)
Wands
 q - a wand of digging (13)
Scrolls
 f - 9 scrolls of identify
Potions
 d - 4 potions of might
 e - 4 potions of heal wounds
 g - 7 potions of curing
 h - 2 potions of mutation
 i - 2 potions of magic
 n - 2 potions of cancellation
 o - 3 potions of haste
 p - 2 potions of attraction

Dungeon Overview and Level Annotations

Branches:
Dungeon (10/15)            Temple (0/1) D:6            Lair (0/5) D:10
    Orc (0/2) D:9         Ossuary (visited)

Altars:
Elyvilon
Kikubaaqudgha
Makhleb
Okawaru
Sif Muna
Trog
Xom

Shops:
D:8 *[

Portals:
Abyss: D:5

Annotations:
D:5 2 transporters, qw's ghost, novice GrFi


Message History

The gargoyle hits you but does no damage.
The floating eye's view fixates on you.
The kobold brigand hits you with a +0 short sword.
The gargoyle hurls a stone arrow at you.
The stone arrow hits you!
You can move again.
You closely miss the kobold brigand.
The kobold brigand is lightly wounded.
You hit the gargoyle. You block the kobold brigand's attack.
The gargoyle hits you with a +0 morningstar.
The floating eye gazes piercingly through you!
You shrug off the repeated paralysis!
10443 ||| INVOKING Heroism.
You gain the combat prowess of a mighty hero.
The kobold brigand barely misses you.
The gargoyle hurls a stone arrow at you.
The stone arrow hits you!!
The floating eye's stare focuses on you.
You hit the gargoyle.
The gargoyle is moderately damaged.
You hit the kobold brigand but do no damage.
You hit the gargoyle but do no damage.
The gargoyle is moderately damaged.
You hit the kobold brigand.
You feel better. You block the kobold brigand's attack.
The gargoyle closely misses you.
You hit the gargoyle but do no damage.
The gargoyle is moderately damaged.
You closely miss the kobold brigand.
The gargoyle hits you with a +0 morningstar!
The kobold brigand hits you but does no damage.
The floating eye gazes piercingly through you!
You suddenly lose the ability to move!
The kobold brigand hits you but does no damage.
The gargoyle hits you with a +0 morningstar.
The gargoyle hurls a stone arrow at you.
The stone arrow hits you!! The kobold brigand barely misses you.
The kobold brigand hits you but does no damage.
The gargoyle hits you with a +0 morningstar.
You die...

#............# ####
#...#.#.#.#..# ...#
#..####+####.# ...#######...# #c.
#.)# ............## #D# ##.#
.............#$#D# #..#
............##y#G# ##.#
.............#y9K# #..#
###'##......####@####.###########
#....#.......#.#.#.#.............
#....#.####.......?...#########..
#....#.# #####.......#.......%%.
#....#.# ##......#.......#..
#....#.# #......#.......#..
######.# #......#########.#
.......# #................#
##..... #####..........###...#


You could see a hornet, 2 acid dragons, a gargoyle, a kobold brigand, a centaur,
a floating eye and a killer bee.

Vanquished Creatures
  2 two-headed ogres
  Pikel (D:7)
  A cyclops (D:8)
  A gargoyle (D:9)
  An unseen horror (D:10)
  2 hornets
  A shadow (D:10)
  2 wyverns (D:7)
  16 yaks
  A steam dragon (D:9)
  3 water moccasins
  A sky beast (D:6)
  A floating eye (D:10)
  5 orc warriors (D:9)
  2 ice beasts
  A black bear (D:6)
  2 ogres
  7 centaurs
  4 lemures (D:7)
  3 phantoms
  4 kobold brigands
  6 bullfrogs
  2 gnoll sergeants
  4 water moccasin zombies (Ossuary)
  A scorpion (D:6)
  12 wights
  17 killer bees
  4 howler monkeys
  An electric eel (D:9)
  4 hounds
  5 orc priests
  4 jellies
  2 gnoll boudas (D:7)
  3 iguanas (D:6)
  11 orc wizards
  2 mummies (Ossuary)
  6 gnolls
  7 adders
  5 river rats (D:6)
  A shadow imp (D:7)
  4 white imps (D:7)
  An ufetubus (D:7)
  7 adder zombies (Ossuary)
  9 worms
  2 dart slugs
  30 orcs
  An endoplasm (D:1)
  2 giant cockroaches (D:4)
  2 gnoll zombies (Ossuary)
  5 goblins
  3 hobgoblins
  7 jackals
  2 quokkas
  6 ball pythons
  3 bats
  A frilled lizard (D:1)
  A hobgoblin zombie (Ossuary)
  11 kobolds
  6 kobold zombies (Ossuary)
  5 orc zombies (Ossuary)
  A rat (D:3)
  A butterfly (D:6)
268 creatures vanquished.

Notes
Turn   | Place    | Note
-------+----------+-------------------------------------------
     0 | D:1      | qw the Gargoyle Fighter began the quest for the Orb.
     0 | D:1      | Reached XP level 1. HP: 14/14 MP: 1/1
     0 | D:1      | 0 ||| qw: Version: 0.2-a-108-gee2c290
     0 | D:1      | 0 ||| qw: Game counter: 1355
     0 | D:1      | 0 ||| qw: Always use a shield: true
     0 | D:1      | 0 ||| qw: God list: Okawaru
     0 | D:1      | 0 ||| qw: Allow faded altars: false
     0 | D:1      | 0 ||| qw: Do Orc after D:15 true
     0 | D:1      | 0 ||| qw: Do second Lair branch before Depths: true
     0 | D:1      | 0 ||| qw: Lair rune preference: random
     0 | D:1      | 0 ||| qw: Plans: Normal, Zot:1-4, Slime:5, God:TSO, Crypt,
                  | Tomb, Abyss, Pan, Hells, Win
     0 | D:1      | 0 ||| PLANNING D:1-11
   234 | D:1      | Reached skill level 2 in Axes
   324 | D:1      | Reached XP level 2. HP: 19/19 MP: 2/2
   690 | D:1      | 690 ||| READING scroll labelled TIRUXI EFOXE.
   691 | D:1      | 691 ||| READING 3 scrolls labelled BESTRA AMARAU.
   692 | D:1      | 692 ||| DRINKING 2 fuming amethyst potions.
   764 | D:2      | 764 ||| Stepping ~*~*~tactically~*~*~ (hiding).
  1073 | D:2      | Reached skill level 3 in Axes
  1160 | D:2      | Reached XP level 3. HP: 22/23 MP: 3/3
  1464 | D:2      | 1464 ||| UPGRADING to scarf of repulsion.
  1469 | D:2      | 1469 ||| UPGRADING to +0 chain mail.
  1479 | D:2      | 1479 ||| DROPPING +0 scale mail.
  1480 | D:2      | 1480 ||| READING 4 scrolls of identify.
  1480 | D:2      | 1480 ||| IDENTIFYING green potion
  1481 | D:2      | 1481 ||| READING 3 scrolls of identify.
  1481 | D:2      | 1481 ||| IDENTIFYING pink potion
  1482 | D:2      | 1482 ||| READING 2 scrolls of identify.
  1482 | D:2      | 1482 ||| IDENTIFYING coppery potion
  1483 | D:2      | 1483 ||| DROPPING potion of invisibility.
  1621 | D:3      | 1621 ||| DROPPING +0 mace.
  1776 | D:3      | Identified the amulet of Sadoelea {Reflect Int+3 SH+5}
  1825 | D:3      | 1825 ||| Stepping ~*~*~tactically~*~*~ (stealth).
  1881 | D:3      | Reached XP level 4. HP: 25/28 MP: 4/4
  2114 | D:3      | 2114 ||| UPGRADING to +2 buckler.
  2124 | D:3      | 2124 ||| DROPPING +0 buckler.
  2125 | D:3      | 2125 ||| UPGRADING to amulet of Sadoelea {Reflect Int+3
                  | SH+5}.
  2130 | D:3      | 2130 ||| READING 2 scrolls of identify.
  2130 | D:3      | 2130 ||| IDENTIFYING silvery potion
  2131 | D:3      | 2131 ||| DROPPING potion of flight.
  2159 | D:4      | 2159 ||| PLANNING OSSUARY
  2209 | D:4      | Noticed an ogre
  2217 | D:4      | Killed an ogre
  2218 | D:4      | Reached skill level 4 in Axes
  2218 | D:4      | Reached XP level 5. HP: 23/32 MP: 5/5
  2441 | D:4      | Found a sand-covered staircase.
  2442 | D:4      | 2442 ||| READING scroll labelled AGOPHULIOS.
  2443 | D:4      | 2443 ||| READING 2 scrolls of identify.
  2443 | D:4      | 2443 ||| IDENTIFYING black potion
  2444 | D:4      | 2444 ||| DROPPING potion of degeneration.
  2453 | Ossuary  | Entered an ossuary
  2453 | Ossuary  | Found the +7 great mace "Firestarter" {flame, immolate,
                  | rFlCloud rF++}
  2486 | Ossuary  | Reached skill level 5 in Axes
  2532 | Ossuary  | Reached XP level 6. HP: 37/37 MP: 6/6
  2682 | Ossuary  | Reached skill level 6 in Axes
  2768 | Ossuary  | Reached skill level 1 in Dodging
  2768 | Ossuary  | Reached XP level 7. HP: 14/43 MP: 7/7
  2905 | Ossuary  | 2905 ||| DRINKING 3 cyan potions.
  2906 | Ossuary  | 2906 ||| DRINKING 2 sedimented yellow potions.
  2907 | Ossuary  | 2907 ||| DROPPING 2 potions of brilliance.
  2916 | D:4      | 2916 ||| PLANNING D:1-11
  3375 | D:4      | Found a burning altar of Makhleb.
  3555 | D:4      | 3555 ||| READING scroll labelled NAYSUPSYUT.
  3586 | D:5      | Entered Level 5 of the Dungeon
  3610 | D:5      | Found a transporter.
  3617 | D:5      | Found a one-way gate to the infinite horrors of the Abyss.
  3617 | D:5      | Noticed qw's ghost (novice GrFi)
  3618 | D:5      | Noticed a small abomination
  3715 | D:5      | Reached skill level 7 in Axes
  3766 | D:5      | Found an iron altar of Okawaru.
  3767 | D:5      | 3767 ||| PLANNING OKAWARU WORSHIP
  3767 | D:5      | 3767 ||| Stepping ~*~*~tactically~*~*~ (stealth).
  3774 | D:5      | 3774 ||| READING scroll labelled YCUFUZ BOMYU.
  3794 | D:5      | 3794 ||| Stepping ~*~*~tactically~*~*~ (stealth).
  3816 | D:5      | 3816 ||| Stepping ~*~*~tactically~*~*~ (stealth).
  3840 | D:5      | 3840 ||| Stepping ~*~*~tactically~*~*~ (stealth).
  3841 | D:5      | 3841 ||| Stepping ~*~*~tactically~*~*~ (stealth).
  3852 | D:5      | Reached XP level 8. HP: 19/50 MP: 8/8
  3861 | D:5      | 3861 ||| DRINKING 4 potions of curing.
  3861 | D:5      | 3861 ||| (to cure confusion)
  3899 | D:5      | 3899 ||| FLEEEEING.
  3900 | D:5      | 3900 ||| Stepping ~*~*~tactically~*~*~ (stealth).
  3901 | D:5      | 3901 ||| Stepping ~*~*~tactically~*~*~ (stealth).
  3902 | D:5      | 3902 ||| Stepping ~*~*~tactically~*~*~ (stealth).
  3929 | D:5      | 3929 ||| Stepping ~*~*~tactically~*~*~ (stealth).
  3997 | D:5      | Identified the +0 ring mail of Xemekala {Int+6 Stlth-}
  4109 | D:5      | Reached skill level 8 in Axes
  4129 | D:5      | Found a transporter.
  4504 | D:5      | 4504 ||| DROPPING +0 ring mail of Xemekala {Int+6 Stlth-}.
  4505 | D:5      | 4505 ||| READING scroll labelled LADOD MUSO.
  4506 | D:5      | 4506 ||| READING 3 scrolls of identify.
  4506 | D:5      | 4506 ||| IDENTIFYING glowing clear potion
  4507 | D:5      | 4507 ||| READING 2 scrolls of identify.
  4507 | D:5      | 4507 ||| IDENTIFYING fuming black potion
  4508 | D:5      | 4508 ||| PLANNING D:1-11
  4528 | D:5      | 4528 ||| PLANNING OKAWARU WORSHIP
  4528 | D:5      | 4528 ||| READING scroll labelled HUPOYCH OFID BUES.
  4647 | D:5      | Became a worshipper of Warmaster Okawaru
  4647 | D:5      | 4647 ||| PLANNING D:1-11
  4671 | D:6      | 4671 ||| PLANNING SEWER
  4712 | D:6      | Reached skill level 6 in Fighting
  4787 | D:6      | Found a staircase to the Ecumenical Temple.
  5042 | D:6      | Reached * piety under Okawaru
  5072 | D:6      | Reached skill level 9 in Axes
  5075 | D:6      | Reached skill level 1 in Invocations
  5083 | D:6      | Reached XP level 9. HP: 51/55 MP: 8/10
  5090 | D:6      | 5090 ||| INVOKING Heroism.
  5115 | D:6      | 5115 ||| INVOKING Heroism.
  5330 | D:6      | 5330 ||| RIP SEWER
  5340 | D:6      | 5340 ||| PLANNING D:1-11
  5340 | D:6      | 5340 ||| Stepping ~*~*~tactically~*~*~ (hiding).
  5354 | D:6      | Reached skill level 3 in Invocations
  6124 | D:6      | 6124 ||| DROPPING amulet of guardian spirit.
  6125 | D:6      | 6125 ||| READING scroll labelled GUHUACLINE.
  6129 | D:6      | 6129 ||| DRINKING 2 fuming red potions.
  6141 | D:7      | Noticed Pikel
  6142 | D:7      | 6142 ||| INVOKING Heroism.
  6163 | D:7      | Killed Pikel
  6163 | D:7      | Reached ** piety under Okawaru
  6172 | D:7      | 6172 ||| STAIRDANCE
  6279 | D:7      | 6279 ||| READING scroll labelled VEJULE SESOAPT.
  6281 | D:7      | 6281 ||| Stepping ~*~*~tactically~*~*~ (stealth).
  6282 | D:7      | 6282 ||| Stepping ~*~*~tactically~*~*~ (stealth).
  6284 | D:7      | 6284 ||| FLEEEEING.
  6287 | D:7      | 6287 ||| INVOKING Heroism.
  6303 | D:7      | HP: 7/58 [wyvern (14)]
  6304 | D:7      | 6304 ||| DRINKING 5 potions of heal wounds.
  6314 | D:7      | Reached XP level 10. HP: 20/64 MP: 13/13
  6319 | D:7      | Reached skill level 10 in Axes
  6319 | D:7      | 6319 ||| INVOKING Heroism.
  6342 | D:7      | 6342 ||| FLEEEEING.
  6344 | D:7      | 6344 ||| FLEEEEING.
  6345 | D:7      | 6345 ||| FLEEEEING.
  6346 | D:7      | 6346 ||| FLEEEEING.
  6347 | D:7      | 6347 ||| FLEEEEING.
  6352 | D:7      | 6352 ||| FLEEEEING.
  6353 | D:7      | 6353 ||| FLEEEEING.
  6354 | D:7      | 6354 ||| FLEEEEING.
  6355 | D:7      | 6355 ||| FLEEEEING.
  6357 | D:7      | 6357 ||| FLEEEEING.
  6358 | D:7      | 6358 ||| FLEEEEING.
  6359 | D:7      | 6359 ||| FLEEEEING.
  6360 | D:7      | 6360 ||| FLEEEEING.
  6361 | D:7      | 6361 ||| FLEEEEING.
  6362 | D:7      | 6362 ||| FLEEEEING.
  6363 | D:7      | 6363 ||| FLEEEEING.
  6364 | D:7      | 6364 ||| FLEEEEING.
  6365 | D:7      | 6365 ||| FLEEEEING.
  6366 | D:7      | 6366 ||| FLEEEEING.
  6369 | D:7      | 6369 ||| FLEEEEING.
  6370 | D:7      | 6370 ||| FLEEEEING.
  6371 | D:7      | 6371 ||| FLEEEEING.
  6372 | D:7      | 6372 ||| FLEEEEING.
  6373 | D:7      | 6373 ||| FLEEEEING.
  6374 | D:7      | 6374 ||| FLEEEEING.
  6375 | D:7      | 6375 ||| FLEEEEING.
  6376 | D:7      | 6376 ||| FLEEEEING.
  6377 | D:7      | 6377 ||| INVOKING Heroism.
  6544 | D:7      | Identified the +9 trident "Vanyf Epini" {freeze, rElec
                  | rPois Stlth+}
  6720 | D:7      | 6720 ||| INVOKING Heroism.
  6748 | D:7      | 6748 ||| Stepping ~*~*~tactically~*~*~ (stealth).
  6769 | D:7      | 6769 ||| FLEEEEING.
  6770 | D:7      | 6770 ||| FLEEEEING.
  6771 | D:7      | 6771 ||| FLEEEEING.
  6772 | D:7      | 6772 ||| FLEEEEING.
  6773 | D:7      | 6773 ||| FLEEEEING.
  6774 | D:7      | 6774 ||| FLEEEEING.
  6775 | D:7      | 6775 ||| FLEEEEING.
  6776 | D:7      | 6776 ||| FLEEEEING.
  6777 | D:7      | 6777 ||| FLEEEEING.
  6778 | D:7      | 6778 ||| FLEEEEING.
  6779 | D:7      | 6779 ||| FLEEEEING.
  6780 | D:7      | 6780 ||| FLEEEEING.
  6781 | D:7      | 6781 ||| FLEEEEING.
  6782 | D:7      | 6782 ||| FLEEEEING.
  6783 | D:7      | 6783 ||| FLEEEEING.
  6784 | D:7      | 6784 ||| FLEEEEING.
  6785 | D:7      | 6785 ||| FLEEEEING.
  6786 | D:7      | 6786 ||| FLEEEEING.
  6787 | D:7      | 6787 ||| FLEEEEING.
  6788 | D:7      | 6788 ||| FLEEEEING.
  6789 | D:7      | 6789 ||| FLEEEEING.
  6790 | D:7      | 6790 ||| FLEEEEING.
  6791 | D:7      | 6791 ||| FLEEEEING.
  6792 | D:7      | 6792 ||| FLEEEEING.
  6793 | D:7      | 6793 ||| FLEEEEING.
  6794 | D:7      | 6794 ||| FLEEEEING.
  6795 | D:7      | 6795 ||| FLEEEEING.
  6796 | D:7      | 6796 ||| FLEEEEING.
  6797 | D:7      | 6797 ||| FLEEEEING.
  6798 | D:7      | 6798 ||| FLEEEEING.
  6799 | D:7      | 6799 ||| FLEEEEING.
  6800 | D:7      | 6800 ||| FLEEEEING.
  6801 | D:7      | 6801 ||| FLEEEEING.
  6808 | D:7      | 6808 ||| INVOKING Heroism.
  6953 | D:7      | 6953 ||| INVOKING Heroism.
  7214 | D:7      | 7214 ||| INVOKING Heroism.
  7319 | D:7      | 7319 ||| UPGRADING to ring of resist corrosion.
  7320 | D:7      | 7320 ||| READING scroll labelled FYNGUT VOCORA.
  7382 | D:8      | 7382 ||| Stepping ~*~*~tactically~*~*~ (hiding).
  7564 | D:8      | Noticed a cyclops
  7565 | D:8      | 7565 ||| INVOKING Heroism.
  7570 | D:8      | Killed a cyclops
  7650 | D:8      | Reached skill level 11 in Axes
  7766 | D:8      | 7766 ||| Stepping ~*~*~tactically~*~*~ (stealth).
  7782 | D:8      | Reached *** piety under Okawaru
  7878 | D:8      | Found Xukhupso's Armour Shop.
  7911 | D:8      | 7911 ||| BUYING +0 pair of gloves (49 gold).
  7911 | D:8      | Bought a +0 pair of gloves for 49 gold pieces
  7911 | D:8      | 7911 ||| BUYING +2 chain mail of cold resistance (236
                  | gold).
  7911 | D:8      | Bought a +2 chain mail of cold resistance for 236 gold
                  | pieces
  7911 | D:8      | 7911 ||| SHOPLISTING +3 plate armour of willpower (495
                  | gold, have 163).
  7966 | D:8      | Found the +3 pair of seven-league boots {Rampage+∞}
  8050 | D:8      | Found Leph's Mayhem Merchandise.
  8098 | D:8      | 8098 ||| UPGRADING to +0 pair of gloves.
  8103 | D:8      | 8103 ||| UPGRADING to +2 chain mail of cold resistance.
  8113 | D:8      | 8113 ||| DROPPING +0 chain mail.
  8114 | D:8      | 8114 ||| UPGRADING to +3 pair of seven-league boots
                  | {Rampage+∞}.
  8119 | D:8      | 8119 ||| UPGRADING to ring of protection from fire.
  8190 | D:9      | 8190 ||| INVOKING Heroism.
  8235 | D:9      | Found a bloodstained altar of Trog.
  8237 | D:9      | 8237 ||| Stepping ~*~*~tactically~*~*~ (hiding).
  8257 | D:9      | Reached skill level 6 in Armour
  8353 | D:9      | Noticed a gargoyle
  8354 | D:9      | 8354 ||| Stepping ~*~*~tactically~*~*~ (hiding).
  8361 | D:9      | 8361 ||| INVOKING Heroism.
  8362 | D:9      | Killed a gargoyle
  8522 | D:9      | Found a shimmering blue altar of Sif Muna.
  8525 | D:9      | 8525 ||| Stepping ~*~*~tactically~*~*~ (stealth).
  8536 | D:9      | 8536 ||| Stepping ~*~*~tactically~*~*~ (stealth).
  8542 | D:9      | 8542 ||| Stepping ~*~*~tactically~*~*~ (stealth).
  8558 | D:9      | Reached skill level 1 in Throwing
  8594 | D:9      | 8594 ||| INVOKING Heroism.
  8629 | D:9      | Noticed a two-headed ogre
  8630 | D:9      | 8630 ||| FLEEEEING.
  8634 | D:9      | 8634 ||| FLEEEEING.
  8635 | D:9      | 8635 ||| FLEEEEING.
  8636 | D:9      | 8636 ||| FLEEEEING.
  8637 | D:9      | 8637 ||| FLEEEEING.
  8639 | D:9      | 8639 ||| FLEEEEING.
  8640 | D:9      | 8640 ||| FLEEEEING.
  8642 | D:9      | 8642 ||| INVOKING Heroism.
  8652 | D:9      | Killed a two-headed ogre
  8653 | D:9      | Reached skill level 9 in Fighting
  8653 | D:9      | Reached XP level 11. HP: 65/71 MP: 12/14
  8679 | D:9      | 8679 ||| Stepping ~*~*~tactically~*~*~ (stealth).
  8845 | D:9      | 8845 ||| Stepping ~*~*~tactically~*~*~ (stealth).
  8847 | D:9      | 8847 ||| Stepping ~*~*~tactically~*~*~ (hiding).
  8864 | D:9      | 8864 ||| INVOKING Heroism.
  8985 | D:9      | 8985 ||| INVOKING Heroism.
  8991 | D:9      | Reached skill level 3 in Throwing
  9163 | D:9      | Found a staircase to the Orcish Mines.
  9164 | D:9      | 9164 ||| Stepping ~*~*~tactically~*~*~ (stealth).
  9173 | D:9      | 9173 ||| Stepping ~*~*~tactically~*~*~ (hiding).
  9177 | D:9      | 9177 ||| INVOKING Heroism.
  9248 | D:9      | 9248 ||| INVOKING Heroism.
  9330 | D:10     | Entered Level 10 of the Dungeon
  9368 | D:10     | 9368 ||| INVOKING Heroism.
  9374 | D:10     | 9374 ||| FLEEEEING.
  9375 | D:10     | 9375 ||| FLEEEEING.
  9376 | D:10     | 9376 ||| FLEEEEING.
  9377 | D:10     | 9377 ||| FLEEEEING.
  9378 | D:10     | 9378 ||| FLEEEEING.
  9379 | D:10     | 9379 ||| FLEEEEING.
  9380 | D:10     | 9380 ||| FLEEEEING.
  9381 | D:10     | 9381 ||| FLEEEEING.
  9382 | D:10     | 9382 ||| FLEEEEING.
  9383 | D:10     | 9383 ||| FLEEEEING.
  9384 | D:10     | 9384 ||| FLEEEEING.
  9385 | D:10     | 9385 ||| FLEEEEING.
  9386 | D:10     | 9386 ||| FLEEEEING.
  9387 | D:10     | 9387 ||| FLEEEEING.
  9388 | D:10     | 9388 ||| FLEEEEING.
  9389 | D:10     | 9389 ||| FLEEEEING.
  9390 | D:10     | 9390 ||| FLEEEEING.
  9391 | D:10     | 9391 ||| FLEEEEING.
  9395 | D:10     | 9395 ||| STAIRDANCE
  9397 | D:9      | 9397 ||| INVOKING Heroism.
  9463 | D:9      | 9463 ||| FLEEEEING.
  9464 | D:9      | 9464 ||| FLEEEEING.
  9465 | D:9      | 9465 ||| FLEEEEING.
  9467 | D:9      | 9467 ||| FLEEEEING.
  9468 | D:9      | 9468 ||| FLEEEEING.
  9469 | D:9      | 9469 ||| FLEEEEING.
  9470 | D:9      | 9470 ||| FLEEEEING.
  9472 | D:9      | 9472 ||| STAIRDANCE
  9508 | D:9      | 9508 ||| INVOKING Heroism.
  9543 | D:10     | 9543 ||| STAIRDANCE
  9705 | D:10     | Found an ancient bone altar of Kikubaaqudgha.
  9705 | D:10     | Found a white marble altar of Elyvilon.
  9710 | D:10     | Found a shimmering altar of Xom.
  9761 | D:10     | 9761 ||| FLEEEEING.
  9763 | D:10     | 9763 ||| FLEEEEING.
  9764 | D:10     | 9764 ||| FLEEEEING.
  9765 | D:10     | 9765 ||| FLEEEEING.
  9832 | D:10     | 9832 ||| SWAPPING to +2 vampiric hand axe.
  9840 | D:10     | 9840 ||| Stepping ~*~*~tactically~*~*~ (hiding).
  9842 | D:10     | 9842 ||| Stepping ~*~*~tactically~*~*~ (hiding).
  9843 | D:10     | 9843 ||| Stepping ~*~*~tactically~*~*~ (hiding).
  9896 | D:10     | 9896 ||| Stepping randomly (disturbance).
  9916 | D:10     | Reached skill level 12 in Axes
  9924 | D:10     | 9924 ||| Stepping ~*~*~tactically~*~*~ (hiding).
  9925 | D:10     | 9925 ||| Stepping ~*~*~tactically~*~*~ (hiding).
  9996 | D:10     | 9996 ||| INVOKING Heroism.
 10155 | D:10     | Noticed a two-headed ogre
 10156 | D:10     | 10156 ||| INVOKING Heroism.
 10166 | D:10     | Killed a two-headed ogre
 10166 | D:10     | Reached **** piety under Okawaru
 10167 | D:10     | Reached skill level 6 in Shields
 10182 | D:10     | Found a staircase to the Lair.
 10350 | D:10     | 10350 ||| Stepping ~*~*~tactically~*~*~ (stealth).
 10388 | D:10     | Reached skill level 6 in Invocations
 10428 | D:10     | Paralysed by a floating eye for 4 turns
 10438 | D:10     | Paralysed by a floating eye for 3 turns
 10443 | D:10     | 10443 ||| INVOKING Heroism.
 10446 | D:10     | Paralysed by a floating eye for 4 turns
 10448 | D:10     | HP: 2/71 [gargoyle/stone arrow (24)]
 10449 | D:10     | Slain by a gargoyle

Levels and vault maps discovered:
D:1:      scummos_arrival_gate, layout_loops_ring
D:2:      layout_loops_cross
D:3:      layout_basic, minmay_parallelograms
D:4:      layout_loops_ring, makhleb_blood_cavern_becter,
          nicolae_ossuary_entry_ruins, chequers_serial_rivers_small_3,
          nrook_mini_backslash, minivault_19
D:5:      layout_loops_ring, mainiacjoe_overflow_catwalk,
          gammafunk_ghost_abyssal_escape
D:6:      layout_layer_cave, minmay_temple_entry_butterflies,
          lightli_sewer_entry_pipes
D:7:      layout_basic, dreamdust_mushroom_princess, minmay_joined_circles,
          uniq_pikel
D:8:      layout_basic, serial_shops, nicolae_shop_hallway_stairs,
          minmay_shop_mayhem, minmay_small_thing
D:9:      layout_roguey, nicolae_overflow_crystal_walls,
          mainiacjoe_overflow_paths, minmay_orc_entry_temple_small,
          nicolae_water_bricks, kennysheep_dice
D:10:     layout_irregular_city, grunt_temple_overflow_open, lair_entry_dummy,
          onia_ninara_cookie

Skill      XL: |  1  2  3  4  5  6  7  8  9 10 11 |
---------------+----------------------------------+-----
Axes           | 2 3 4 5 6 7 9 11 12 | 12.0
Fighting       | 4 5 6 7 9 |  9.2
Dodging        | 1 2 |  2.4
Invocations    | 1 4 6 |  6.2
Shields        | 4 5 6 |  6.4
Armour         | 4 6 7 |  7.0
Throwing       | 1 3 |  3.0

Action                     |  1- 3 |  4- 6 |  7- 9 | 10-12 || total
---------------------------+-------+-------+-------+-------++-------
  Melee: War axe           |   107 |   149 |   331 |   387 ||   974
         Hand axe          |       |       |       |   137 ||   137
  Throw: Javelin           |       |       |       |    14 ||    14
         Boomerang         |       |       |       |     6 ||     6
 Invoke: Heroism           |       |       |     4 |    21 ||    25
    Use: Scroll            |     5 |     3 |     8 |     1 ||    17
         Potion            |     1 |       |     5 |       ||     6
   Stab: Distracted        |       |       |     1 |       ||     1
 Armour: Scale mail        |    26 |       |       |       ||    26
         Chain mail        |    25 |    45 |   158 |   252 ||   480
  Dodge: Dodged            |    48 |    39 |   107 |   161 ||   355
         Repelled          |       |       |     1 |     1 ||     2
  Block: Buckler           |    23 |    55 |   204 |   278 ||   560
         Reflection        |       |     1 |     7 |    14 ||    22

Table legend:
 A = Non-vault XP
 B = Vault XP
 C = Vault XP percentage of total XP
 D = Non-vault monster count
 E = Vault monster count
 F = Vault count percentage of total count
                 A         B        C        D         E       F
            +---------+---------+-------+---------+---------+-------
      Total |   11833 |    4874 |  29.2 |     184 |      79 |  30.0
            +---------+---------+-------+---------+---------+-------
        D:1 |      19 |       0 |   0.0 |      11 |       0 |   0.0
        D:2 |      38 |       0 |   0.0 |      10 |       0 |   0.0
        D:3 |      32 |       0 |   0.0 |      15 |       0 |   0.0
        D:4 |     287 |      43 |  13.0 |       8 |       1 |  11.1
        D:5 |     823 |       0 |   0.0 |      21 |       0 |   0.0
        D:6 |    1189 |     134 |  10.1 |      20 |      14 |  41.2
        D:7 |    1390 |    1779 |  56.1 |      32 |      17 |  34.7
        D:8 |     670 |     472 |  41.3 |      10 |       1 |   9.1
        D:9 |    3352 |     912 |  21.4 |      32 |      14 |  30.4
       D:10 |    4033 |    1127 |  21.8 |      25 |       5 |  16.7
    Ossuary |       0 |     407 | 100.0 |       0 |      27 | 100.0
            +---------+---------+-------+---------+---------+-------
